 Dungeon Crawl Stone Soup version 0.22-b1-26-g9dbaab1 (webtiles) character file.

20 Lilu the Sneak (level 2, 0/19 HPs)
             Began as an Octopode Assassin on Aug 8, 2018.
             Slain by a leopard gecko (5 damage)
             ... on level 2 of the Dungeon.
             The game lasted 00:01:39 (1021 turns).

Lilu the Sneak (Octopode Assassin)                  Turns: 1021, Time: 00:01:39

Health: 0/19       AC:  1    Str: 10    XL:     2   Next: 79%
Magic:  2/2        EV: 13    Int: 13    God:
Gold:   45         SH:  0    Dex: 13    Spells: 1/1 levels left

rFire    . . .     SeeInvis .   a - +2 dagger
rCold    . . .     Gourm    .   (no shield)
rNeg     . . .     Faith    .   (helmet restricted)
rPois    .         Spirit   .   (no amulet)
rElec    .         Reflect  .   (no ring)
rCorr    .         Harm     .   (no ring)
MR       .....                  (no ring)
Stlth    ++++......             (no ring)
HPRegen  0.06/turn              (no ring)
MPRegen  0.08/turn              (no ring)
                                (no ring)
                                (no ring)

@: no status effects
A: almost no armour, stealthy swim, amphibious, 8 rings, constrict 8, camouflage
1, gelatinous body 1
a: no special abilities


You were on level 2 of the Dungeon.
You were not hungry.

You visited 1 branch of the dungeon, and saw 2 of its levels.

You collected 45 gold pieces.

Inventory:

Hand Weapons
 a - a +2 dagger (weapon)
 b - a +0 blowgun
Missiles
 c - 8 poisoned needles
 d - 2 curare-tipped needles
 j - 19 sling bullets
Scrolls
 e - a scroll of remove curse {unknown}
 g - a scroll of fear {unknown}
 h - 2 scrolls of teleportation {unknown}
 k - a scroll of blinking {unknown}
Potions
 i - 2 potions of mutation {unknown}
Comestibles
 f - 2 rations
 l - a chunk of flesh


   Skills:
 - Level 2.0 Fighting
 - Level 2.0 Short Blades
 - Level 2.0 Throwing
 - Level 1.0 Dodging
 + Level 6.5 Stealth


You had one spell level left.
You didn't know any spells.
Your spell library was empty.

Dungeon Overview and Level Annotations

Branches:
Dungeon (2/15)

Altars:
Ashenzari


Innate Abilities, Weirdness & Mutations

You cannot wear most types of armour.
You are very stealthy in the water. (Stealth+)
You are amphibious.
You can wear up to eight rings at the same time.
You can use your tentacles to constrict eight enemies at once.
Your skin changes colour to match your surroundings (Stealth+).
Your rubbery body absorbs attacks. (AC +1, EV +1)


Message History

a club x2; a kobold corpse You barely miss the worm.
You grab the worm. You squeeze the worm!
The worm is heavily wounded.
You constrict the worm. The worm barely misses you.
You hit the worm but do no damage.
The worm is heavily wounded.
You constrict the worm. The leopard gecko bites you.
You hit the worm. You squeeze the worm.
The worm is almost dead.
You constrict the worm. The leopard gecko closely misses you.
The worm bites you!
Ouch! That really hurt!
* * * LOW HITPOINT WARNING * * *
You are too injured to fight recklessly!
You are too injured to fight recklessly!
You release your grip on the worm.
You barely miss the leopard gecko. Your grab misses the leopard gecko.
The leopard gecko bites you but does no damage.
The leopard gecko bites you.
You die...

######....##
#..........#
#..>.......# .+.....
#..........# .#.....
#..รท.......### .......
#............# .......
#............# .......
#............# .......
#...........@###.......
#....<.[...##l.w......#
#..........##.###.....#
#..........##.# ....#
#######...<##.# ...#
###.###.# ..# #.. ..#
.# ......# # .......#


You could see a worm and a leopard gecko.

Vanquished Creatures
  2 leopard geckos
  2 bats
  A giant cockroach (D:1)
  2 goblins (D:1)
  2 hobgoblins (D:1)
  3 kobolds
  A frilled lizard (D:1)
  4 rats (D:1)
17 creatures vanquished.

Notes
Turn   | Place    | Note
-------+----------+-------------------------------------------
     0 | D:1      | Lilu the Octopode Assassin began the quest for the Orb.
     0 | D:1      | Reached XP level 1. HP: 14/14 MP: 1/1
   304 | D:1      | Found a shattered altar of Ashenzari.
   391 | D:1      | Reached skill level 6 in Stealth
   391 | D:1      | Reached XP level 2. HP: 19/19 MP: 2/2
  1021 | D:2      | Slain by a leopard gecko

Skill      XL: |  1 |
---------------+----+-----
Stealth        | 6 |  6.5
Fighting       | |  2.0
Short Blades   | |  2.0
Throwing       | |  2.0
Dodging        | |  1.0

Action                   || total
-------------------------++-------
Melee: Dagger            ||    28
       Constrict         ||     6
       Tentacles         ||     5
 Stab: Sleeping          ||     5
Armor: Skin              ||     1
Dodge: Dodged            ||    12
